 Dungeon Crawl Stone Soup version 0.30-a0-613-gdd512c7efb (webtiles) character file.

Game seed: 15297991979775674359

21 wormed the Slasher (level 2, 0/26 HPs)
             Began as a Naga Gladiator on Jan 9, 2023.
             Slain by a gnoll
             ... wielding a +0 halberd
              (5 damage)
             ... on level 2 of the Dungeon.
             The game lasted 00:01:57 (737 turns).

wormed the Slasher (Naga Gladiator)                  Turns: 737, Time: 00:01:57

Health: 0/26       AC:  3    Str: 16    XL:     2   Next: 83%
Magic:  0/2        EV: 10    Int:  8    God:
Gold:   20         SH:  0    Dex: 12    Spells: 1/1 levels left

rFire   . . .      SeeInvis +    a - +0 long sword
rCold   . . .      Faith    .    (no shield)
rNeg    . . .      Spirit   +    b - +0 leather armour
rPois   +          Reflect  .    c - +0 helmet
rElec   .          Harm     .    (no cloak)
rCorr   .          Rampage  .    (no gloves)
Will    .....                    (no barding)
Stlth   +                        h - amulet of guardian spirit
HPRegen 0.24/turn                (no ring)
MPRegen 0.08/turn                (no ring)

@: very slow
A: AC +0, large, see invisible, deformed body, poison resistance, slowness 2,
spit poison 1, naga tail 1
a: Spit Poison


You were on level 2 of the Dungeon.
You visited 1 branch of the dungeon, and saw 2 of its levels.

You collected 20 gold pieces.

Inventory:

Hand Weapons
 a - a +0 long sword (weapon)
Missiles
 d - 2 throwing nets (quivered)
Armour
 b - a +0 leather armour (worn)
 c - a +0 helmet (worn)
Jewellery
 h - an amulet of guardian spirit (around neck)
Scrolls
 f - a scroll of magic mapping {unknown}
 i - a scroll of poison
 m - a scroll of vulnerability
 n - a scroll of noise {unknown}
Potions
 j - a potion of flight
 k - 2 potions of ambrosia
 l - a potion of haste


   Skills:
 + Level 2.2 Fighting
 * Level 3.3 Long Blades
 + Level 2.0 Throwing
 + Level 0.4 Armour
 + Level 2.5 Dodging


You had one spell level left.
You didn't know any spells.
Your spell library was empty.

Dungeon Overview and Level Annotations

Branches:
Dungeon (2/15)

Altars:


Innate Abilities, Weirdness & Mutations

Your serpentine skin is tough. (AC +0)
You have supernaturally acute eyesight. (SInv)
Armour fits poorly on your strangely shaped body.
Your system is resistant to poisons. (rPois)
You cover ground very slowly.
You can spit poison.
You have a snake-like lower body.


Message History

Throw: 4 throwing nets
Press: ? - help, Q - select action, (/) - cycle Shift-Dir - straight line, f/p - gnoll
Aim: a gnoll, wielding a +0 halberd (63% to hit)
You throw a throwing net.
The throwing net closely misses the gnoll.
The throwing net hits the gnoll.
The gnoll is caught in the net!
The gnoll is moderately wounded.
The gnoll struggles against the net.
The gnoll barely misses you.
The gnoll struggles against the net.
The gnoll barely misses you.
You hit the gnoll but do no damage.
The gnoll struggles against the net.
The gnoll closely misses you. The gnoll hits you with a +0 halberd!
Ouch! That really hurt!
* * * LOW HITPOINT WARNING * * *
The gnoll struggles against the net.
Throw: 3 throwing nets
Press: ? - help, Q - select action, (/) - cycle Shift-Dir - straight line, f/p - gnoll
Aim: a gnoll, wielding a +0 halberd (63% to hit)
You throw a throwing net. The throwing net hits the gnoll.
The gnoll is caught in the net!
You hit the gnoll.
The gnoll is moderately wounded.
The gnoll struggles against the net.
The net rips apart, and the gnoll comes free!
The gnoll struggles against the net. x2
You completely miss the gnoll.
The gnoll is moderately wounded.
The gnoll struggles against the net.
You hit the gnoll.
The gnoll is heavily wounded.
The gnoll struggles against the net.
You catch the helpless gnoll completely off-guard!
You hit the gnoll.
The gnoll is severely wounded.
The gnoll struggles against the net.
You hit the gnoll.
The gnoll is severely wounded.
The gnoll struggles against the net.
The net rips apart, and the gnoll comes free!
The gnoll hits you with a +0 halberd.
You die...

######### ........#
#..####.####
........)..#
##....#.##.###########
###.#.#.##(...gg@....#
##...#.############.#
##....#.# #.#
#..†#.#g# #.#
..#.#.#.# #.#
..#...g.##### #.#
#.g........... #.#
##..#.#######.
#.####### ##.#.#
#<.......


You could see 2 gnolls.

Vanquished Creatures
  2 ball pythons
  2 bats (D:1)
  An endoplasm (D:1)
  2 goblins
  2 jackals (D:1)
  2 quokkas
  3 frilled lizards (D:1)
  4 kobolds (D:1)
  A rat (D:1)
19 creatures vanquished.

Notes
Turn   | Place    | Note
-------+----------+-------------------------------------------
     0 | D:1      | wormed the Naga Gladiator began the quest for the Orb.
     0 | D:1      | Reached XP level 1. HP: 19/19 MP: 1/1
   201 | D:1      | Reached XP level 2. HP: 24/26 MP: 0/2
   513 | D:1      | Found a faded altar of an unknown god.
   678 | D:2      | HP: 1/26 [kobold/+0 whip (1)]
   737 | D:2      | Slain by a gnoll

Illustrated notes

Levels and vault maps discovered:
D:1:      giann_wishing_wells, layout_rooms, dilly_ecumenical_altar_fadedgnrine
D:2:      layout_loops_ring, basic_altar, palyth_stone_intersect,
          dreamdust_princess_corridor, hangedman_decor_clover_reticule,
          uniq_natasha

Skill      XL: |  1  2 |
---------------+-------+-----
Throwing       | 2 |  2.0
Fighting       | |  2.2
Long Blades    | |  3.3
Armour         | |  0.4
Dodging        | |  2.5

Action                   || total
-------------------------++-------
Melee: Long sword        ||    60
Throw: Throwing net      ||     2
       Javelin           ||     1
  Use: Scroll            ||     6
       Potion            ||     2
 Stab: Held in net/web   ||     1
Armor: Leather armour    ||    18
Dodge: Dodged            ||    57

Table legend: (Time is in decaauts)
 A = Elapsed time spent in this place.
 B = Non-inter-level travel time spent in this place.
 C = Inter-level travel time spent in this place.
 D = Time resting spent in this place.
 E = Time spent auto-exploring this place.
 F = Levels seen in this place.
 G = Mean time per level.
                   A        B        C        D        E       F      G
               +--------+--------+--------+--------+--------+-----+--------+
         Total |    954 |    883 |     71 |      0 |    671 |   2 |  477.0 |
       Dungeon |    954 |    883 |     71 |      0 |    671 |   2 |  477.0 |
               +--------+--------+--------+--------+--------+-----+--------+

Top non-repeatable levels by time:
     D:1: 763 daAuts
     D:2: 191 daAuts
